 Dungeon Sprint DCSS version 0.27-a0-538-g15ff5c5295 (webtiles) character file.

Game seed: 10909226895331111224

63236 mhtbhm the Executioner (level 14, -6/151 HPs)
             Began as a Minotaur Fighter on Mar 7, 2021.
             Was the Champion of Trog.
             Mangled by a vampire knight
             ... wielding a +0 battleaxe
              (21 damage)
             ... while paralysed by a vampire knight
             ... in the Dungeon (Sprint VII: "The Pits").
             The game lasted 00:13:24 (4853 turns).

mhtbhm the Executioner (Minotaur Fighter)           Turns: 4853, Time: 00:13:24

Health: -6/151     AC: 21    Str: 32    XL:     14   Next: 67%
Magic:  0/13       EV:  2    Int:  2    God:    Trog [******]
Gold:   21         SH:  0    Dex: 18    Spells: 13/13 levels left

rFire    + . .     SeeInvis .   a - +8 war axe "Enalugh" {vorpal, rElec Dex+5}
rCold    + . .     Faith    .   c - +0 kite shield
rNeg     . . .     Spirit   .   b - +2 swamp dragon scales
rPois    +         Reflect  .   (helmet restricted)
rElec    +         Harm     .   q - +0 cloak
rCorr    .         Rampage  .   E - +1 pair of gloves {Dex+3}
Will     +....     NoTele   +   F - +0 pair of boots "Udahesak" {rF+ rC+ Int-3}
Stlth    ++++......             (no amulet)
HPRegen  0.35/turn              m - +3 ring of evasion
MPRegen  0.13/turn              y - +6 ring of strength

@: paralysed, berserk cooldown, slowed
A: horns 2, retaliatory headbutt
a: Renounce Religion, Berserk, Trog's Hand, Brothers in Arms


You were in the Dungeon.
You worshipped Trog.
Trog was exalted by your worship.
You visited 1 branch You collected 21 gold pieces.

Inventory:

Hand Weapons
 a - the +8 war axe "Enalugh" (weapon) {vorpal, rElec Dex+5}
   (Trog gifted it to you in the Dungeon)

   It inflicts extra damage upon your enemies.
   It affects your dexterity (+5).
   It insulates you from electricity.
 r - a +6 antimagic demon whip
 G - a +7 antimagic hand axe
Missiles
 s - 6 poisoned darts (quivered)
 t - 4 silver boomerangs
Armour
 b - +2 swamp dragon scales (worn)
 c - a +0 kite shield (worn)
 q - a +0 cloak (worn)
 E - a +1 pair of gloves of dexterity (worn)
 F - the +0 pair of boots "Udahesak" (worn) {rF+ rC+ Int-3}
   (You found it in the Dungeon)

   It affects your intelligence (-3).
   It protects you from fire.
   It protects you from cold.
Jewellery
 m - a +3 ring of evasion (left hand)
 p - a +6 ring of dexterity
 y - a +6 ring of strength (right hand)
 z - a ring of resist corrosion
 A - a ring of protection from fire
 D - a ring of willpower
Wands
 C - a wand of polymorph (1)
Scrolls
 l - a scroll of summoning
 u - 8 scrolls of enchant armour
 v - 2 scrolls of enchant weapon
 w - 2 scrolls of fog
 B - 2 scrolls of identify
Potions
 d - 3 potions of might
 e - 6 potions of curing
 f - 12 potions of heal wounds
 g - 2 potions of haste
 h - 4 potions of magic
 i - 4 potions of berserk rage
 k - a potion of invisibility
 o - 2 potions of resistance
 x - 2 potions of mutation
Miscellaneous
 n - a phial of floods


   Skills:
 + Level 21.0 Fighting
 + Level 24.1 Axes
 * Level 12.9 Throwing
 + Level 18.2 Armour
 + Level 9.5 Dodging
 + Level 11.3 Stealth
 + Level 20.7 Shields


You had 13 spell levels left.
You didn't know any spells.
Your spell library was empty.

Dungeon Overview and Level Annotations

Branches:
Dungeon (1/1)

Altars:
Ashenzari
Cheibriados
Dithmenos
Elyvilon
Fedhas
Gozag
Hepliaklqana
Kikubaaqudgha
Makhleb
Nemelex Xobeh
Okawaru
Qazlal
Ru
Sif Muna
Trog
Uskayaw
Vehumet
Wu Jian
Xom
Yredelemnul
Zin
The Shining One
Beogh
Jiyva
Lugonu

Annotations:
D Prince Ribbit


Innate Abilities, Weirdness & Mutations

You have a pair of horns on your head.
You reflexively headbutt those who attack you in melee.


Message History

The red draconian is moderately wounded.
You slash the vampire knight! You miss something.
The vampire mage points at itself and mumbles some strange words.
The vampire mage flickers and vanishes!
Deactivating autopickup; reactivate with Ctrl-A.
Something closely misses you. You block the red draconian's attack.
You feel much better.
The vampire knight hits you but does no damage.
The vampire knight closely misses you. You block something's attack.
You block the red draconian's attack.
The vampire knight hits you with a +0 battleaxe!
* * * LOW HITPOINT WARNING * * *
The vampire knight completely misses you.
You feel much better. Something closely misses you.
You block the red draconian's attack. Something closely misses you.
The vampire knight casts a spell at you.
You suddenly lose the ability to move!
Something hits you!
* * * LOW HITPOINT WARNING * * *
You feel your power leaking away.
The red draconian hits you but does no damage.
The vampire knight gestures wildly while chanting.
The vampire knight seems to speed up.
The vampire knight draws life force from you!
* * * LOW HITPOINT WARNING * * *
The vampire knight is healed by the life force!
Something hits you!
* * * LOW HITPOINT WARNING * * *
You feel your power leaking away.
The red draconian hits you with a +0 battleaxe.
* * * LOW HITPOINT WARNING * * *
Something hits you but does no damage.
The vampire knight hits you with a +0 battleaxe.
* * * LOW HITPOINT WARNING * * *
The vampire knight bites you but does no damage.
The red draconian hits you with a +0 battleaxe.
* * * LOW HITPOINT WARNING * * *
Something hits you but does no damage.
The vampire knight hits you with a +0 battleaxe!!
You die...

....# #....)))#
....# #...#.....#
#...# #
....###.)..#
##..# ###.
.....#.....#
.#..# #....
#.........# .##'#
.....###....#...#
....#
#...#....###..#
.##'#
##........#...#
.#|(#
#...d@[......##
##[[#
#......V#....###
#.(.#
###....###).#+
()=.# +##.. #.)##
....# ###...##
##### ####


You could see a red draconian and a vampire knight (fast).

Vanquished Creatures
  2 liches (D)
  A titan (D)
  A sphinx (D)
  A shadow dragon (D)
  2 draconian knights (D)
  A deep elf sorcerer (D)
  2 emperor scorpions (D)
  A ghost moth (D)
  A deep elf demonologist (D)
  An apis (D)
  2 red draconians (D)
  A black draconian (D)
  A blizzard demon (D)
  A green death (D)
  Josephine (D)
  3 naga warriors (D)
  2 vault guards (D)
  A merfolk avatar (D)
  2 death knights (D)
  Erolcha (D)
  A death yak (D)
  9 hell hogs (D)
  3 vampire magi (D)
  3 deep elf knights (D)
  A sun demon (D)
  A shadow wraith (D)
  A flayed ghost (D)
  3 sea snakes (D)
  A bog body (D)
  2 wizards (D)
  A lindwurm (D)
  A deep elf zephyrmancer (D)
  A phantasmal warrior (D)
  10 orc knights (D)
  2 wolf spiders (D)
  An orc sorcerer (D)
  A cyclops (D)
  2 elephants (D)
  A black mamba (D)
  Joseph (D)
  A naga mage (D)
  2 gargoyles (D)
  A kobold demonologist (D)
  A rime drake (D)
  A hellwing (D)
  A yaktaur (D)
  A guardian mummy (D)
  An ice devil (D)
  A troll (D)
  2 polar bears (D)
  A hornet (D)
  A wind drake (D)
  2 air elementals (D)
  4 redbacks (D)
  2 spriggans (D)
  A tarantella (shapeshifter) (D)
  A flying skull (D)
  4 wraiths (D)
  A water elemental (D)
  A warg (D)
  A hell hound (D)
  A black bear (D)
  Purgy (D)
  2 orc warriors (D)
  A sky beast (D)
  2 necrophages (D)
  An ogre (D)
  An eye of draining (D)
  9 wolves (D)
  A kobold brigand (D)
  2 phantoms (D)
  2 bullfrogs (D)
  A gnoll sergeant (D)
  A scorpion (D)
  A small abomination (D)
  2 crimson imps (D)
  A quasit (D)
  2 iron imps (D)
  5 orc priests (D)
  A gnoll shaman (D)
  4 orc wizards (D)
  A worker ant (D)
  A hell rat (D)
  A mummy (D)
  4 gnolls (D)
  A worm (D)
  A leopard gecko (D)
  7 orcs (D)
  A bat skeleton (D)
  A bat zombie (D)
  2 giant cockroaches (D)
  3 hobgoblins (D)
  3 jackals (D)
  A quokka (D)
  A frilled lizard (D)
  A leopard gecko simulacrum (D)
175 creatures vanquished.

Vanquished Creatures (collateral kills)
  A shadow dragon (D)
  3 orc warlords (D)
  A deep elf high priest (D)
  A hydra (D)
  A death knight (D)
  2 vampire magi (D)
  2 hell hogs (D)
  A hornet (D)
  A spriggan (D)
13 creatures vanquished.

Vanquished Creatures (others)
  A gnoll (D)
1 creature vanquished.

Grand Total: 189 creatures vanquished

Notes
Turn   | Place    | Note
-------+----------+-------------------------------------------
     0 | D        | mhtbhm the Minotaur Fighter began the quest for the Orb.
     0 | D        | Reached XP level 1. HP: 19/19 MP: 0/0
    20 | D        | Found a bloodstained altar of Trog.
    20 | D        | Found a shimmering blue altar of Sif Muna.
    20 | D        | Found a viscous altar of Jiyva.
    20 | D        | Found a hazy altar of Hepliaklqana.
    20 | D        | Found an opulent altar of Gozag.
    21 | D        | Found a glowing golden altar of the Shining One.
    21 | D        | Found a glowing silver altar of Zin.
    21 | D        | Found a basalt altar of Yredelemnul.
    21 | D        | Found a shimmering altar of Xom.
    21 | D        | Found an ornate altar of the Wu Jian Council.
    21 | D        | Found a sacrificial altar of Ru.
    21 | D        | Found a stormy altar of Qazlal.
    21 | D        | Found an iron altar of Okawaru.
    21 | D        | Found a sparkling altar of Nemelex Xobeh.
    21 | D        | Found a burning altar of Makhleb.
    21 | D        | Found a blossoming altar of Fedhas.
    21 | D        | Found a white marble altar of Elyvilon.
    21 | D        | Found a shadowy altar of Dithmenos.
    21 | D        | Found a snail-covered altar of Cheibriados.
    24 | D        | Found a corrupted altar of Lugonu.
    24 | D        | Found a radiant altar of Vehumet.
    25 | D        | Became a worshipper of Trog the Wrathful
    72 | D        | Reached * piety under Trog
    80 | D        | Reached skill level 3 in Axes
    80 | D        | Reached XP level 2. HP: 27/28 MP: 1/1
    95 | D        | Reached ** piety under Trog
    96 | D        | Reached skill level 5 in Fighting
    96 | D        | Reached skill level 4 in Axes
    96 | D        | Reached skill level 5 in Armour
    96 | D        | Reached skill level 5 in Shields
    96 | D        | Reached XP level 3. HP: 36/36 MP: 2/2
   171 | D        | Noticed a warg
   171 | D        | Noticed a sky beast
   179 | D        | Reached *** piety under Trog
   180 | D        | Reached skill level 5 in Axes
   180 | D        | Reached XP level 4. HP: 45/45 MP: 3/3
   192 | D        | Killed a warg
   193 | D        | Reached skill level 7 in Axes
   193 | D        | Reached XP level 5. HP: 52/55 MP: 4/4
   193 | D        | Reached **** piety under Trog
   194 | D        | Reached XP level 6. HP: 59/62 MP: 5/5
   195 | D        | Killed a sky beast
   196 | D        | Reached skill level 8 in Axes
   196 | D        | Reached skill level 1 in Dodging
   199 | D        | Reached ***** piety under Trog
   262 | D        | Reached skill level 9 in Axes
   262 | D        | Reached XP level 7. HP: 60/71 MP: 6/6
   311 | D        | Noticed Erolcha
   321 | D        | Killed Erolcha
   322 | D        | Reached skill level 11 in Axes
   322 | D        | Reached skill level 10 in Shields
   322 | D        | Reached XP level 8. HP: 82/82 MP: 7/7
   418 | D        | Noticed a flying skull
   435 | D        | Killed a flying skull
   442 | D        | Received a gift from Trog
   443 | D        | Reached skill level 12 in Axes
   449 | D        | Noticed Prince Ribbit
   449 | D        | Noticed a sea snake
   462 | D        | Killed a sea snake
   463 | D        | Reached skill level 13 in Axes
   463 | D        | Reached XP level 9. HP: 90/90 MP: 8/8
   606 | D        | Found a hide-covered altar of Uskayaw.
   606 | D        | Found an ancient bone altar of Kikubaaqudgha.
   606 | D        | Found a broken altar of Ashenzari.
   633 | D        | Noticed an elephant
   633 | D        | Noticed a sea snake
   640 | D        | Killed a sea snake
   643 | D        | Killed an elephant
   644 | D        | Reached skill level 14 in Axes
   928 | D        | Noticed a death yak
   928 | D        | Noticed a hell hog
   928 | D        | Noticed a hell hog
   928 | D        | Noticed a hell hog
   928 | D        | Noticed a hell hog
   937 | D        | Killed a hell hog
   938 | D        | Killed a hell hog
   938 | D        | Reached ****** piety under Trog
   939 | D        | Reached skill level 15 in Axes
   939 | D        | Reached skill level 1 in Stealth
   939 | D        | Reached XP level 10. HP: 54/101 MP: 9/9
   940 | D        | Killed a hell hog
   940 | D        | Killed a hell hog
   940 | D        | Received a gift from Trog
   941 | D        | Reached skill level 16 in Axes
   948 | D        | Killed a death yak
  1200 | D        | Reached skill level 17 in Axes
  1277 | D        | Noticed a wizard
  1284 | D        | Killed a wizard
  1284 | D        | Received a gift from Trog
  1342 | D        | Noticed a deep elf zephyrmancer
  1342 | D        | Noticed an emperor scorpion
  1342 | D        | Noticed a hell hog
  1344 | D        | Noticed a hell hog
  1344 | D        | Noticed a hell hog
  1344 | D        | Noticed a hell hog
  1350 | D        | Killed a deep elf zephyrmancer
  1354 | D        | Killed an emperor scorpion
  1355 | D        | Reached skill level 18 in Axes
  1355 | D        | Reached XP level 11. HP: 100/110 MP: 10/10
  1356 | D        | Killed a hell hog
  1359 | D        | Killed a hell hog
  1360 | D        | Reached skill level 5 in Dodging
  1360 | D        | Reached skill level 15 in Shields
  1361 | D        | Killed a hell hog
  1362 | D        | Reached skill level 19 in Axes
  1365 | D        | Killed a hell hog
  1365 | D        | Received a gift from Trog
  1617 | D        | Reached skill level 15 in Armour
  1651 | D        | Received a gift from Trog
  1670 | D        | Reached skill level 15 in Fighting
  1680 | D        | Noticed Joseph
  1689 | D        | Killed Joseph
  1791 | D        | Noticed an orc sorcerer
  1793 | D        | Killed an orc sorcerer
  1801 | D        | Received a gift from Trog
  1804 | D        | Noticed Josephine
  1809 | D        | Reached skill level 20 in Axes
  1817 | D        | Received a gift from Trog
  1827 | D        | Killed Josephine
  1941 | D        | Received a gift from Trog
  1942 | D        | Noticed Purgy
  1942 | D        | Noticed a lindwurm
  1943 | D        | Noticed a sea snake
  1946 | D        | Reached XP level 12. HP: 115/122 MP: 11/11
  1948 | D        | Received a gift from Trog
  1953 | D        | Killed Purgy
  1955 | D        | Received a gift from Trog
  1962 | D        | Reached skill level 21 in Axes
  1962 | D        | Received a gift from Trog
  1976 | D        | Noticed a death knight
  1982 | D        | Killed a death knight
  2433 | D        | Noticed a deep elf sorcerer
  2433 | D        | Noticed a shadow dragon
  2433 | D        | Noticed a death knight
  2434 | D        | Found the +3 robe of Clouds {+Thunder rCloud rElec}
  2440 | D        | Received a gift from Trog
  2448 | D        | Reached skill level 1 in Throwing
  2455 | D        | Killed a deep elf sorcerer
  2455 | D        | Received a gift from Trog
  2464 | D        | Killed a shadow dragon
  2468 | D        | Killed a death knight
  2823 | D        | Noticed a green death
  2827 | D        | Killed a green death
  3159 | D        | Noticed a shadow dragon
  3180 | D        | Killed a shadow dragon
  3306 | D        | Noticed a titan
  3311 | D        | Killed a titan
  3312 | D        | Reached skill level 22 in Axes
  3312 | D        | Reached skill level 5 in Throwing
  3377 | D        | Noticed a vampire mage
  3377 | D        | Noticed a merfolk avatar
  3381 | D        | Reached XP level 13. HP: 136/136 MP: 12/12
  3381 | D        | Received a gift from Trog
  3390 | D        | Noticed an orc warlord
  3395 | D        | Received a gift from Trog
  3411 | D        | Identified the +8 war axe "Enalugh" {vorpal, rElec Dex+5}
                  | (Trog gifted it to you in the Dungeon)
  3411 | D        | Received a gift from Trog
  3416 | D        | Killed an orc warlord
  3423 | D        | Received a gift from Trog
  3452 | D        | Got the +0 pair of boots "Udahesak" {rF+ rC+ Int-3}
  3756 | D        | Noticed an orc warlord
  3756 | D        | Noticed an orc warlord
  3757 | D        | Received a gift from Trog
  3772 | D        | Killed an orc warlord
  3772 | D        | Received a gift from Trog
  3773 | D        | Reached skill level 5 in Stealth
  3775 | D        | Killed an orc warlord
  3934 | D        | Reached skill level 23 in Axes
  3938 | D        | Noticed a blizzard demon
  3942 | D        | Killed a ghost moth
  3943 | D        | Reached skill level 10 in Throwing
  3948 | D        | Killed a blizzard demon
  3951 | D        | Received a gift from Trog
  4095 | D        | Reached XP level 14. HP: 140/147 MP: 13/13
  4099 | D        | Noticed an apis
  4117 | D        | Killed an apis
  4117 | D        | Received a gift from Trog
  4350 | D        | Noticed an emperor scorpion
  4351 | D        | Noticed a black draconian knight
  4352 | D        | Noticed a lich
  4353 | D        | Noticed a lich
  4354 | D        | Noticed a sphinx
  4359 | D        | Killed an emperor scorpion
  4360 | D        | Reached skill level 10 in Stealth
  4368 | D        | Killed a lich
  4368 | D        | Received a gift from Trog
  4369 | D        | Killed a black draconian knight
  4369 | D        | Killed a sphinx
  4373 | D        | Received a gift from Trog
  4489 | D        | Received a gift from Trog
  4606 | D        | Killed a lich
  4730 | D        | Reached skill level 24 in Axes
  4816 | D        | Noticed a yellow draconian knight
  4838 | D        | Killed a yellow draconian knight
  4838 | D        | Received a gift from Trog
  4843 | D        | Noticed a vampire knight
  4849 | D        | Paralysed by a vampire knight for 5 turns
  4853 | D        | Mangled by a vampire knight

Illustrated notes

Levels and vault maps discovered:
D:        pitsprint [storerooms_1, entrance_room_1, metal_vault_6, armoury_2,
          mini_pit_1, grid_room_1, main_hall_1, silver_pit, the_coven_2,
          the_vestibule_1, steel_vault_4, golden_pit, hallway_of_sentries,
          crystal_vault_4, iron_vault_2, final_vault]

Skill      XL: |  1  2  3  4  5  6  7  8  9 10 11 12 13 14 |
---------------+-------------------------------------------+-----
Fighting       | 4 5 6 8 9 11 12 13 14 15 18 19 21 | 21.0
Armour         | 4 5 6 8 9 11 12 13 14 15 16 17 18 | 18.2
Shields        | 4 5 6 8 9 10 11 13 14 16 18 19 20 | 20.7
Axes           | 3 4 5 7 9 11 13 15 18 20 22 23 24 | 24.1
Dodging        | 1 2 3 4 6 7 8 9 |  9.5
Stealth        | 1 2 9 11 | 11.3
Throwing       | 5 10 12 | 12.9

Action                   |  1- 3 |  4- 6 |  7- 9 | 10-12 | 13-15 || total
-------------------------+-------+-------+-------+-------+-------++-------
Melee: Hand axe          |    20 |    26 |    32 |       |       ||    78
       War axe           |     6 |       |    11 |       |   117 ||   134
       Headbutt          |     3 |     4 |     8 |    42 |    68 ||   125
       Broad axe         |       |       |    13 |   188 |    48 ||   249
Invok: Berserk           |     2 |       |     4 |     8 |     5 ||    19
       Brothers in Arms  |       |       |       |     2 |     7 ||     9
       Trog's Hand       |       |       |       |       |     2 ||     2
  Use: Potion            |       |       |       |     1 |     7 ||     8
       Scroll            |       |       |       |       |     2 ||     2
 Stab: Invisible         |       |       |       |       |    16 ||    16
       Distracted        |       |       |       |       |     2 ||     2
Armor: Scale mail        |    17 |       |       |       |       ||    17
       Plate armour      |     3 |     4 |    10 |       |       ||    17
       Chain mail        |       |       |     5 |    57 |    29 ||    91
       Swamp dragon scal |       |       |       |       |    14 ||    14
Dodge: Dodged            |     7 |     1 |    16 |    58 |    78 ||   160
Block: Kite shield       |    10 |     4 |    32 |   101 |    90 ||   237

Table legend: (Time is in decaauts)
 A = Elapsed time spent in this place.
 B = Non-inter-level travel time spent in this place.
 C = Inter-level travel time spent in this place.
 D = Time resting spent in this place.
 E = Time spent auto-exploring this place.
 F = Levels seen in this place.
 G = Mean time per level.
                   A        B        C        D        E       F      G
               +--------+--------+--------+--------+--------+-----+--------+
         Total |   4904 |   4904 |      0 |   2957 |     88 |   1 | 4904.0 |
       Dungeon |   4904 |   4904 |      0 |   2957 |     88 |   1 | 4904.0 |
               +--------+--------+--------+--------+--------+-----+--------+

Top non-repeatable levels by time:
       D: 4904 daAuts
